Match 33606934
Unlisted

Match 33606934
End
Construct Infanterie Kompanie
Kettenkrad Recon Vehicle
MG 42 Machine Gun Team
Selects Mechanized Battlegroup
Grenadier Squad
Grenadier Squad
GrW 34 Mortar Team
Medical Bunker
Construct Luftwaffe Kompanie
Jäger Squad
Jäger Squad
Selects Raid Package
Selects 8 Rad Armored Car
Selects UNKNOWN (2160084)
8 Rad Armored Car
Medical Bunker
Jäger Squad
Construct Panzer Kompanie
Stoßtruppen Squad
Panther Heavy Tank
Medical Bunker
Selects Spotting Scopes
Selects Stoßtruppen Assault Package
Selects Zeroing Artillery Barrage
Zeroing Artillery Barrage
Panzer IV Medium Tank
Pioneer Squad
Panzer IV Medium Tank
Jäger Squad
Medical Bunker
Side Skirts
Zeroing Artillery Barrage
Pioneer Squad
Stoßtruppen Squad
Jäger Squad
Zeroing Artillery Barrage
Panzer IV Medium Tank
Sturmpanzer IV Brummbär
Zeroing Artillery Barrage
Panther Heavy Tank
Popeye
Norseman
AP
jdnebel
0
0

Comments sign in to comment!

No comments posted yet!